[Event "Titled Tuesday Blitz July 18 Early 2023"]
[White "Preotu, Razvan"]
[Black "Rodriguez Fontecha, Marcos"]
[WhiteFideId "2613280"]
[BlackFideId "2256576"]
[WhiteElo "2728"]
[BlackElo "2475"]
[Result "1-0"]
[Round "3"]
[TimeControl "180+2"]
[Date "2023.07.18"]
[WhiteClock "0:00:15"]
[BlackClock "0:00:00"]
[Board "82"]

1. e4 e6 2. d4 d5 3. Nc3 Bb4 4. e5 Ne7 5. a3 Bxc3+ 6. bxc3 b6 7. h4 Ba6 8. Bxa6 Nxa6 9. h5 Nb8 10. h6 g6 11. Bg5 Nd7 12. Nf3 O-O 13. Qe2 Qe8 14. Nh2 c5 15. Ng4 cxd4 16. cxd4 Rc8 17. Bf6 Nf5 18. Qd2 Rc4 19. c3 Qc8 20. Rh3 b5 21. Bg7 Re8 22. Nf6+ Nxf6 23. Bxf6 a5 24. g4 Ne7 25. Rb1 b4 26. axb4 axb4 27. Rxb4 Rxb4 28. cxb4 Nc6 29. b5 Nb8 30. Rc3 Qb7 31. Qb2 Nd7 32. Qb4 Nb6 33. Rc6 Nc4 34. Qc5 Qa8 35. Ra6 Qb7 36. Ra7 Qb8 37. Ke2 Nb2 38. Kf3 Nc4 39. Qc7 Qxc7 40. Rxc7 Rb8 41. Kf4 Kf8 42. Kg5 Nd2 43. b6 Ne4+ 44. Kf4 Nxf6 45. exf6 Ke8 46. b7 Kd8 47. Rxf7 1-0


[Site "https://www.chess.com"]

[Event "Titled Tuesday Blitz July 18 Early 2023"]
[White "WindWhistler11"]
[Black "Amilal Munkhdalai"]
[BlackFideId "4903250"]
[WhiteElo "2470"]
[BlackElo "2710"]
[Result "0-1"]
[Round "3"]
[TimeControl "180+2"]
[Date "2023.07.18"]
[WhiteClock "0:00:00"]
[BlackClock "0:00:54"]
[Board "83"]

1. Nf3 Nf6 2. g3 d5 3. c4 c6 4. Bg2 Bf5 5. O-O e6 6. b3 h6 7. Bb2 Nbd7 8. d3 Be7 9. Nbd2 O-O 10. Qc2 Bh7 11. a3 a5 12. Rfe1 Re8 13. Rad1 Qb6 14. Rb1 Bf8 15. b4 axb4 16. axb4 Bxb4 17. Bc3 c5 18. Bxb4 cxb4 19. Qb3 Ng4 20. Rf1 dxc4 21. Nxc4 Qc5 22. Qxb4 Qxb4 23. Rxb4 Ra2 24. Rxb7 Nc5 25. Rc7 Nb3 26. h3 Nf6 27. Nd6 Rf8 28. Ne5 Bg6 29. Nxg6 fxg6 30. e3 Re2 31. Rb1 Nd2 32. Rbb7 Nh5 33. f4 Ra8 34. g4 Ra1+ 0-1


[Site "https://www.chess.com"]

[Event "Titled Tuesday Blitz July 18 Early 2023"]
[White "Kushko, Dmitriy"]
[Black "Tomaszewski, Kacper"]
[WhiteFideId "14162261"]
[BlackFideId "1127373"]
[WhiteElo "2709"]
[BlackElo "2465"]
[Result "0-1"]
[Round "3"]
[TimeControl "180+2"]
[Date "2023.07.18"]
[WhiteClock "0:00:00"]
[BlackClock "0:00:26"]
[Board "84"]

1. Nf3 Nf6 2. g3 d5 3. Bg2 c5 4. O-O e6 5. c4 Be7 6. d4 cxd4 7. cxd5 Nxd5 8. Nxd4 O-O 9. Nc3 Nxc3 10. bxc3 Qc7 11. Qb3 Nc6 12. Nxc6 bxc6 13. Qc4 Bd7 14. Rd1 Rfd8 15. Be3 Be8 16. h4 Bf6 17. Bg5 Bxg5 18. hxg5 Qe5 19. f4 Qe3+ 20. Kh2 Qf2 21. Rf1 Qe3 22. Rad1 Rac8 23. Rf3 Qb6 24. Rfd3 Rxd3 25. Rxd3 Qb5 26. Qb4 Qxb4 27. cxb4 Kf8 28. Rc3 Ke7 29. Kg1 Kd6 30. Kf2 c5 31. Ke3 Bd7 32. bxc5+ Rxc5 33. Rd3+ Kc7 0-1


[Site "https://www.chess.com"]

[Event "Titled Tuesday Blitz July 18 Early 2023"]
[White "Besedes, Danilo"]
[Black "Liyanage, Ranindu Dilshan"]
[WhiteFideId "946796"]
[BlackFideId "9915834"]
[WhiteElo "2464"]
[BlackElo "2695"]
[Result "0-1"]
[Round "3"]
[TimeControl "180+2"]
[Date "2023.07.18"]
[WhiteClock "0:00:21"]
[BlackClock "0:00:16"]
[Board "85"]

1. b3 e5 2. Bb2 Nc6 3. e3 Nf6 4. Bb5 Bd6 5. Ne2 O-O 6. O-O Re8 7. Ng3 a6 8. Bd3 Bf8 9. Nc3 d5 10. f4 exf4 11. Rxf4 Bd6 12. Rf1 Ng4 13. Qf3 Nce5 14. Qxd5 Qh4 15. h3 Be6 16. Qe4 Nxd3 17. Nf5 Bxf5 18. Qxf5 Qg3 19. Rf3 Qh2+ 20. Kf1 Qh1+ 21. Ke2 Qxg2+ 22. Kxd3 Ne5+ 0-1


[Site "https://www.chess.com"]

[Event "Titled Tuesday Blitz July 18 Early 2023"]
[White "Aakanksha Hagawane"]
[Black "Kantans, Toms"]
[WhiteFideId "25014510"]
[BlackFideId "11602945"]
[WhiteElo "2464"]
[BlackElo "2687"]
[Result "0-1"]
[Round "3"]
[TimeControl "180+2"]
[Date "2023.07.18"]
[WhiteClock "0:00:00"]
[BlackClock "0:02:08"]
[Board "86"]

1. e4 c5 2. Nf3 Nf6 3. d3 Nc6 4. g3 g6 5. Bg2 Bg7 6. Nbd2 O-O 7. O-O e5 8. Re1 h6 9. Nc4 Qc7 10. a4 Re8 11. Be3 b6 12. h3 Ba6 13. b3 Rad8 14. Qc1 Kh7 15. Bd2 d5 16. exd5 Nxd5 17. Nh2 Nd4 18. Ng4 f5 19. Nxh6 Bb7 20. h4 Nf6 21. Nd6 Rxd6 0-1


[Site "https://www.chess.com"]

[Event "Titled Tuesday Blitz July 18 Early 2023"]
[White "Bochnicka, Vladimir"]
[Black "Koshulyan, Egor A."]
[WhiteFideId "14943450"]
[BlackFideId "24237000"]
[WhiteElo "2464"]
[BlackElo "2662"]
[Result "0-1"]
[Round "3"]
[TimeControl "180+2"]
[Date "2023.07.18"]
[WhiteClock "0:00:00"]
[BlackClock "0:01:09"]
[Board "87"]

1. e3 g6 2. d4 Bg7 3. Nf3 b6 4. Bd3 Bb7 5. Nbd2 Nf6 6. O-O O-O 7. b3 d5 8. Bb2 Nbd7 9. Ne5 Rc8 10. f4 c5 11. Qf3 Ne8 12. Qh3 Ndf6 13. c4 e6 14. g4 Nd6 15. g5 Nfe4 16. Nxe4 dxe4 17. Be2 Nf5 18. Rad1 cxd4 19. Bxd4 Qc7 20. Ba1 Rfd8 21. Ng4 Bxa1 22. Rxa1 Kg7 23. Rad1 Qc5 24. b4 Qxb4 25. Nf6 h5 26. Bg4 hxg4 27. Qh7+ Kf8 28. Nd7+ Ke7 29. Ne5 Nd6 30. Nxg6+ Kd7 31. Qxf7+ Kc6 32. Qxe6 Qc5 33. Ne5+ Kc7 34. Qe7+ Kb8 35. Nd7+ Rxd7 36. Qxd7 Qxe3+ 37. Kh1 Nxc4 38. Rde1 Qc5 39. Qxg4 e3+ 40. Rf3 Qd5 41. Kg2 Nd2 42. Rxe3 Nxf3 43. Rxf3 Rc2+ 44. Kg3 Qd2 45. Rf2 Qxf2+ 0-1


[Site "https://www.chess.com"]

[Event "Titled Tuesday Blitz July 18 Early 2023"]
[White "Martin Barcelo, Carles"]
[Black "Arhan_Anand"]
[WhiteFideId "24561444"]
[WhiteElo "2462"]
[BlackElo "2660"]
[Result "0-1"]
[Round "3"]
[TimeControl "180+2"]
[Date "2023.07.18"]
[WhiteClock "0:00:00"]
[BlackClock "0:00:20"]
[Board "88"]

1. e4 b6 2. d4 Bb7 3. Bd3 Nf6 4. Qe2 e6 5. Nf3 c5 6. c3 Nc6 7. O-O cxd4 8. cxd4 Nb4 9. Nc3 Nxd3 10. Qxd3 Be7 11. d5 d6 12. dxe6 fxe6 13. Qb5+ Qd7 14. Nd4 Qxb5 15. Ncxb5 Kd7 16. f3 a6 17. Nc3 Rac8 18. Be3 b5 19. a3 Rc4 20. Rfd1 Rhc8 21. h3 g6 22. Kf2 e5 23. Nb3 Ba8 24. Na5 R4c7 25. Bb6 Rxc3 26. bxc3 Rxc3 27. Rdc1 Rxc1 28. Rxc1 Ne8 29. Ke2 d5 30. exd5 Bxd5 31. Bc5 Nd6 32. Rd1 Ke6 33. Bb4 h5 34. g3 e4 35. fxe4 Nxe4 36. Rxd5 Bxb4 37. Rd4 Nc3+ 38. Kd3 Bxa5 39. g4 hxg4 40. Rxg4 Kf6 41. Rd4 Ke5 42. Rd7 Nd5 43. h4 Bb6 44. Rb7 Bc5 45. Rg7 Kf6 46. Rd7 Ke5 47. Rg7 Bxa3 48. Rxg6 Nf4+ 49. Ke3 Nxg6 50. h5 Nf8 51. h6 Be7 52. Kd3 Bg5 53. Kc3 a5 54. Kb3 Bxh6 55. Ka3 Bg7 56. Kb3 Kd4 57. Ka3 Kc3 58. Ka2 Ne6 59. Kb1 Nc5 60. Ka2 Kc2 0-1


[Site "https://www.chess.com"]

[Event "Titled Tuesday Blitz July 18 Early 2023"]
[White "benny_aizenberg"]
[Black "Begunov, Konstantin"]
[BlackFideId "4118510"]
[WhiteElo "2648"]
[BlackElo "2462"]
[Result "1-0"]
[Round "3"]
[TimeControl "180+2"]
[Date "2023.07.18"]
[WhiteClock "0:00:06"]
[BlackClock "0:00:05"]
[Board "89"]

1. c4 c6 2. Qa4 d5 3. cxd5 Qxd5 4. Nc3 Qd8 5. Nf3 g6 6. g3 Bg7 7. Bg2 e5 8. O-O Ne7 9. d3 O-O 10. Qh4 Nf5 11. Qxd8 Rxd8 12. Ne4 h6 13. g4 Nd6 14. Nxd6 Rxd6 15. g5 hxg5 16. Nxg5 Bg4 17. Re1 Na6 18. Ne4 Re6 19. Be3 f6 20. Rab1 f5 21. Nc5 Nxc5 22. Bxc5 e4 23. h3 Bh5 24. dxe4 fxe4 25. Kf1 b6 26. Be3 Rd8 27. b4 Bd4 28. Red1 c5 29. bxc5 bxc5 30. Rb7 Rdd6 31. Rxa7 Bxe3 32. Rxd6 Rxd6 33. fxe3 Rd1+ 34. Kf2 Rd2 35. Bxe4 Rxe2+ 36. Kg3 Rxe3+ 37. Kf4 Rxh3 38. a4 Rh2 39. a5 c4 40. Bd5+ Kf8 41. a6 Ra2 42. Ke5 Be2 43. Kf6 Ke8 44. Be6 Kd8 45. Rd7+ Ke8 46. Rc7 Rd2 47. a7 Rd8 48. Rh7 c3 49. Rh8# 1-0


[Site "https://www.chess.com"]

[Event "Titled Tuesday Blitz July 18 Early 2023"]
[White "Shuvalova, Polina"]
[Black "Namitbir Singh Walia"]
[WhiteFideId "24171760"]
[BlackFideId "35071068"]
[WhiteElo "2644"]
[BlackElo "2457"]
[Result "1-0"]
[Round "3"]
[TimeControl "180+2"]
[Date "2023.07.18"]
[WhiteClock "0:00:07"]
[BlackClock "0:00:04"]
[Board "90"]

1. f4 d5 2. Nf3 c5 3. g3 Nc6 4. Bg2 g6 5. O-O Bg7 6. d3 Nf6 7. Nbd2 O-O 8. c3 e5 9. Nxe5 Nxe5 10. fxe5 Ng4 11. d4 Ne3 12. Qb3 c4 13. Qb5 a6 14. Qc5 b6 15. Qc6 Bd7 16. Qd6 Nxf1 17. Nxf1 Be6 18. Qxd8 Raxd8 19. Bf4 f6 20. exf6 Bxf6 21. Bc7 Rd7 22. Bf4 b5 23. a3 Re8 24. Re1 Bf5 25. Kf2 Be4 26. Bxe4 Rxe4 27. Nd2 Re8 28. h4 Rde7 29. Nf3 Kg7 30. e3 h6 31. Re2 Re6 32. Re1 a5 33. Ra1 Rb6 34. g4 b4 35. axb4 axb4 36. g5 hxg5 37. hxg5 Be7 38. Ra7 bxc3 39. bxc3 Rb3 40. Bd6 Kf8 41. Rxe7 Rxe7 42. Ne5 Ke8 43. Bxe7 Kxe7 44. Nxg6+ Kf7 45. Nf4 Rxc3 46. Nxd5 Rc2+ 47. Kf3 c3 48. Ke4 Rc1 49. Kd3 c2 50. Nb4 Rb1 51. Nxc2 Kg6 52. e4 Kxg5 53. Ne3 Kf6 54. e5+ Ke6 55. Ke4 Re1 56. d5+ Ke7 57. Kd4 Rd1+ 58. Nxd1 1-0


[Site "https://www.chess.com"]

[Event "Titled Tuesday Blitz July 18 Early 2023"]
[White "Nunez V, Gustavo Eduardo"]
[Black "Lamaze, Simon"]
[WhiteFideId "4403690"]
[BlackFideId "36069264"]
[WhiteElo "2457"]
[BlackElo "2636"]
[Result "0-1"]
[Round "3"]
[TimeControl "180+2"]
[Date "2023.07.18"]
[WhiteClock "0:00:04"]
[BlackClock "0:00:21"]
[Board "91"]

1. e4 c5 2. Nc3 Nc6 3. f4 g6 4. Nf3 Bg7 5. Bc4 Nd4 6. O-O e6 7. f5 gxf5 8. exf5 Nxf5 9. d3 Nge7 10. Ng5 d5 11. Bb5+ Bd7 12. Qh5 Ng6 13. Nxf7 Bd4+ 14. Kh1 Kxf7 15. g4 Qh4 16. Qxh4 Nxh4 17. Bxd7 Ke7 18. gxf5 Kxd7 19. fxe6+ Kxe6 20. Re1+ Kd6 21. Bf4+ Kc6 22. Re6+ Kd7 23. Rd6+ Ke7 24. Nxd5+ Kf7 25. Rf1 Ng6 26. Be5+ Kg8 27. Nf6+ Kg7 28. Rd7+ Kh6 29. Bxd4 cxd4 30. Rf5 Nf8 31. Rd6 Kg7 32. Rg5+ Kf7 33. Rf5 Ke7 34. Ne4 Ng6 35. Rxd4 Raf8 36. Rxf8 Rxf8 37. Kg2 Nf4+ 38. Kh1 Ne2 39. Rb4 b6 40. Ra4 a5 41. Rc4 Rg8 42. Rc7+ Kd8 43. Rd7+ Kc8 44. Rxh7 Rg1# 0-1


[Site "https://www.chess.com"]

[Event "Titled Tuesday Blitz July 18 Early 2023"]
[White "Matyukov, Petr"]
[Black "Schwabeneder, Florian"]
[WhiteFideId "4103688"]
[BlackFideId "1626191"]
[WhiteElo "2455"]
[BlackElo "2635"]
[Result "0-1"]
[Round "3"]
[TimeControl "180+2"]
[Date "2023.07.18"]
[WhiteClock "0:00:00"]
[BlackClock "0:00:43"]
[Board "92"]

1. d4 Nf6 2. c4 c5 3. d5 g6 4. Nc3 Bg7 5. Nf3 O-O 6. h3 e6 7. Bf4 exd5 8. cxd5 Re8 9. e3 d6 10. Bd3 Na6 11. O-O Nb4 12. Bc4 a6 13. a3 b5 14. Bxb5 axb5 15. axb4 Rxa1 16. Qxa1 cxb4 17. Nxb5 Nxd5 18. Nxd6 Nxf4 19. Nxe8 Nxh3+ 20. gxh3 Qxe8 21. Kg2 Qe4 22. Rh1 Bb7 23. Qd1 Bxb2 24. Qe2 Be5 25. Rd1 b3 26. Rd8+ Kg7 27. Rd2 b2 28. Rd1 b1=Q 29. Rxb1 Qxb1 30. Qd2 Qe4 31. Qe2 g5 0-1


[Site "https://www.chess.com"]

[Event "Titled Tuesday Blitz July 18 Early 2023"]
[White "Schnaider, Ilan"]
[Black "Tanmay Jain"]
[WhiteFideId "169013"]
[BlackFideId "45015481"]
[WhiteElo "2634"]
[BlackElo "2450"]
[Result "1-0"]
[Round "3"]
[TimeControl "180+2"]
[Date "2023.07.18"]
[WhiteClock "0:00:08"]
[BlackClock "0:00:00"]
[Board "93"]

1. e4 c5 2. Nf3 d6 3. Bb5+ Bd7 4. Bxd7+ Qxd7 5. c4 g6 6. O-O Bg7 7. Nc3 Nc6 8. Re1 Nf6 9. d4 cxd4 10. Nxd4 O-O 11. h3 Rac8 12. Be3 Rfd8 13. b3 a6 14. Rc1 e6 15. a4 Nb4 16. Nc2 Nxc2 17. Rxc2 Qc6 18. Qf3 d5 19. Bg5 d4 20. Bxf6 Bxf6 21. Qxf6 dxc3 22. Rxc3 Rd2 23. Rf3 Rc7 24. h4 Qc5 25. b4 Qxb4 26. h5 Qf8 27. Qf4 Rdd7 28. h6 Rc6 29. e5 Rdc7 30. Re4 Rc8 31. g4 Rd8 32. g5 Rdc8 33. Rd4 R6c7 34. Qf6 Rc6 35. Rd7 R6c7 36. Qxf7+ Qxf7 37. Rfxf7 Rxd7 38. Rxd7 Rxc4 39. Rg7+ Kf8 40. Rxh7 Rg4+ 41. Kf1 Rxg5 42. Rxb7 Kg8 43. Rg7+ Kh8 44. Ra7 Rxe5 45. Rxa6 Kh7 46. a5 Kxh6 47. Ra8 Re4 48. Kg2 Ra4 49. Kf3 Kg5 50. a6 Kf5 51. Ke3 Ke5 52. Kd3 Ra2 53. a7 g5 54. f3 Ra3+ 55. Kc4 Ra4+ 56. Kb3 Ra1 57. Kb4 Rb1+ 58. Kc5 Ra1 59. Kb6 Rb1+ 60. Kc6 Rc1+ 61. Kd7 Rd1+ 62. Ke7 Ra1 63. Kf7 Ra2 64. Kg6 Ra3 65. Kxg5 Ra2 66. Kg6 Ra6 67. Kf7 Ra5 68. Ke7 Ra6 69. Kd7 Ra4 70. f4+ Ke4 71. Kxe6 Ra6+ 72. Kd7 Ra5 73. Re8+ 1-0


[Site "https://www.chess.com"]

[Event "Titled Tuesday Blitz July 18 Early 2023"]
[White "Sliwicki, Damian"]
[Black "Ovchinnikov, Vsevolod"]
[WhiteFideId "1127128"]
[BlackFideId "24176842"]
[WhiteElo "2448"]
[BlackElo "2634"]
[Result "0-1"]
[Round "3"]
[TimeControl "180+2"]
[Date "2023.07.18"]
[WhiteClock "0:00:30"]
[BlackClock "0:00:07"]
[Board "94"]

1. e4 g6 2. d4 Bg7 3. Nc3 d6 4. h4 Nf6 5. h5 Nxh5 6. Bc4 Nf6 7. Bh6 Bxh6 8. Rxh6 Nc6 9. Nf3 Bg4 10. Qd3 Bxf3 11. gxf3 e5 12. O-O-O Nxd4 13. f4 Ng4 14. fxe5 dxe5 15. Qg3 Qg5+ 16. Kb1 Qxh6 17. Qxg4 Rd8 18. Nd5 c6 19. Nc7+ Ke7 20. Qg3 Qf4 21. Qa3+ Kf6 22. Rd3 Rd7 23. c3 Rxc7 24. Qd6+ Kg7 25. Qxc7 Nb5 26. Qe7 Rf8 27. a4 Qxf2 28. axb5 cxb5 29. Qxe5+ Kg8 30. Bb3 Qf1+ 31. Rd1 Qe2 32. Qf6 a5 33. Rf1 Qxe4+ 34. Ka1 Qe8 35. Rh1 a4 36. Qh4 h5 37. Bd5 Qd7 38. Qd4 Rd8 39. Rd1 Kh7 40. Qf6 Qc7 41. Rd4 Rd7 42. Qg5 a3 43. Be4 axb2+ 44. Kxb2 Rxd4 45. Qxh5+ Kg7 46. Qf3 Rd2+ 47. Kc1 Rd6 48. Qf4 Rd7 49. Qe3 b6 50. Bc2 Qc5 51. Qg3 Re7 52. Kb2 Re3 53. Qf4 Qxc3+ 54. Kb1 Re1+ 55. Bd1 Rxd1+ 56. Ka2 Ra1# 0-1


[Site "https://www.chess.com"]

[Event "Titled Tuesday Blitz July 18 Early 2023"]
[White "Florescu, Codrut-Constantin"]
[Black "Arnold, Ken"]
[WhiteFideId "1202200"]
[BlackFideId "2056836"]
[WhiteElo "2634"]
[BlackElo "2447"]
[Result "1-0"]
[Round "3"]
[TimeControl "180+2"]
[Date "2023.07.18"]
[WhiteClock "0:00:45"]
[BlackClock "0:00:12"]
[Board "95"]

1. d4 Nf6 2. Nf3 e6 3. c4 d5 4. Nc3 Be7 5. Bf4 c6 6. e3 O-O 7. a3 b6 8. cxd5 cxd5 9. h3 Bb7 10. Bd3 Nc6 11. O-O Rc8 12. Qe2 Na5 13. Ne5 Nd7 14. b4 Nxe5 15. bxa5 Nxd3 16. Qxd3 Bd6 17. a6 Bc6 18. a4 Bxf4 19. exf4 Qd6 20. g3 Bd7 21. Nd1 Rc4 22. Ne3 Rxa4 23. Rxa4 Bxa4 24. f5 Rc8 25. f6 Qc6 26. Ng4 Bb5 27. Qe3 Qc2 28. Re1 Qd3 29. Qg5 Qg6 30. Rc1 Bc4 31. Qf4 h5 32. Ne5 Qxf6 33. Qe3 b5 34. Nd7 Qf5 35. Kh2 b4 36. Ne5 b3 37. g4 Qe4 38. Qxe4 dxe4 39. Rxc4 Rxc4 40. Nxc4 hxg4 41. hxg4 f6 42. Kg3 Kf7 43. Kf4 1-0


[Site "https://www.chess.com"]

[Event "Titled Tuesday Blitz July 18 Early 2023"]
[White "LangesNasenhaar"]
[Black "Mendez Fortes, Eduardo Jesus"]
[BlackFideId "3502376"]
[WhiteElo "2447"]
[BlackElo "2632"]
[Result "0-1"]
[Round "3"]
[TimeControl "180+2"]
[Date "2023.07.18"]
[WhiteClock "0:00:02"]
[BlackClock "0:00:09"]
[Board "96"]

1. d4 Nf6 2. Nc3 d5 3. Bf4 a6 4. e3 e6 5. a3 Bd6 6. Nf3 b5 7. Ne5 Bb7 8. b4 O-O 9. Bd3 Ne4 10. Ne2 a5 11. f3 Nf6 12. c3 c6 13. O-O Qc7 14. Ng3 Ne8 15. Qd2 Nd7 16. Nxd7 Qxd7 17. Bxd6 Nxd6 18. e4 f5 19. e5 Nc8 20. Ne2 Nb6 21. g4 Qe7 22. gxf5 exf5 23. Nf4 Bc8 24. Kh1 Kh8 25. Rg1 Be6 26. Raf1 axb4 27. axb4 Nc4 28. Bxc4 dxc4 29. Rg2 Bd5 30. Nxd5 cxd5 31. Rfg1 Ra7 32. Qf4 g6 33. h4 Rg8 34. h5 Ra6 35. h6 Qe6 36. Qg5 Rga8 37. f4 Kg8 38. Re2 Kf7 39. Rf2 Ra3 40. Rg3 Ra1+ 41. Kg2 R1a3 42. Kh3 Qe7 43. Qxe7+ Kxe7 44. Kh4 Kf7 45. Kg5 Rb3 46. Rh2 Raa3 47. Rhh3 Rb1 48. Re3 Rg1+ 49. Rhg3 Rf1 50. e6+ Ke7 51. Rgf3 Rc1 52. Rg3 Ra6 53. Rgf3 Rd1 54. Rg3 Rc6 55. Rgf3 Rd2 56. Rg3 Rh2 57. Rgf3 Rh5# 0-1


[Site "https://www.chess.com"]

[Event "Titled Tuesday Blitz July 18 Early 2023"]
[White "Sathish, Pranav"]
[Black "Agibileg, Uurtsaikh"]
[WhiteFideId "30967538"]
[BlackFideId "4901606"]
[WhiteElo "2446"]
[BlackElo "2629"]
[Result "1-0"]
[Round "3"]
[TimeControl "180+2"]
[Date "2023.07.18"]
[WhiteClock "0:01:20"]
[BlackClock "0:01:06"]
[Board "97"]

1. Nf3 Nf6 2. b3 g6 3. Bb2 Bg7 4. g3 O-O 5. Bg2 c5 6. c4 d5 7. cxd5 Nxd5 8. Bxg7 Kxg7 9. O-O Nc6 10. d4 e6 11. dxc5 Qf6 12. Na3 b6 13. e4 Nc3 14. Qc2 Nb4 15. e5 Nxc2 16. exf6+ Kxf6 17. Nxc2 bxc5 18. Ne3 Ba6 19. Rfe1 Rad8 20. h4 h5 21. Bf1 Bxf1 22. Kxf1 Rd3 23. Kg2 Rfd8 24. Rec1 Nd5 25. Nxd5+ R8xd5 26. Rc2 e5 27. Ng5 R3d4 28. Rac1 1-0


[Site "https://www.chess.com"]

[Event "Titled Tuesday Blitz July 18 Early 2023"]
[White "Mohamed Anees M"]
[Black "Ai, Evan"]
[WhiteFideId "35065815"]
[BlackFideId "2094770"]
[WhiteElo "2628"]
[BlackElo "2446"]
[Result "1-0"]
[Round "3"]
[TimeControl "180+2"]
[Date "2023.07.18"]
[WhiteClock "0:00:24"]
[BlackClock "0:00:03"]
[Board "98"]

1. e4 e5 2. Nf3 Nc6 3. Bb5 a6 4. Ba4 Nf6 5. O-O Be7 6. Re1 b5 7. Bb3 O-O 8. h3 Bb7 9. d3 d5 10. exd5 Nxd5 11. Nxe5 Nd4 12. Nd2 Nxb3 13. axb3 Bd6 14. Ndf3 f6 15. Ng4 Qd7 16. Bd2 h5 17. Ngh2 Rae8 18. Rxe8 Rxe8 19. Qf1 g5 20. Re1 Rxe1 21. Qxe1 g4 22. hxg4 hxg4 23. Nd4 Be5 24. Qe4 c5 25. Qg6+ Qg7 26. Qe8+ Kh7 27. Ne6 Qe7 28. Qh5+ Kg8 29. Qg6+ Kh8 30. Qh5+ Kg8 31. Qxg4+ Kf7 32. Nf4 Nxf4 33. Bxf4 Bxb2 34. Qh5+ Ke6 35. Ng4 Kd7 36. Qf5+ Qe6 37. Nxf6+ Bxf6 38. Qxc5 Qc6 39. Qf5+ Ke7 40. f3 Bd4+ 41. Kh2 Qf6 42. Bg5 Be5+ 43. Qxe5+ 1-0


[Site "https://www.chess.com"]

[Event "Titled Tuesday Blitz July 18 Early 2023"]
[White "Starosta, Martyna"]
[Black "Suleymanli, Suleyman"]
[WhiteFideId "21818754"]
[BlackFideId "13416375"]
[WhiteElo "2446"]
[BlackElo "2625"]
[Result "0-1"]
[Round "3"]
[TimeControl "180+2"]
[Date "2023.07.18"]
[WhiteClock "0:00:13"]
[BlackClock "0:01:34"]
[Board "99"]

1. d4 d5 2. Nf3 c6 3. e3 Bf5 4. Nh4 Be4 5. f3 Bg6 6. Nxg6 hxg6 7. Bd3 e6 8. Nd2 Bd6 9. Nf1 Nd7 10. Qe2 Ngf6 11. Bd2 e5 12. e4 dxe4 13. Bxe4 Qe7 14. dxe5 Nxe5 15. O-O-O O-O-O 16. Bg5 Qe6 17. Kb1 Rd7 18. Ng3 Nxe4 19. Nxe4 Nc4 20. h3 Re8 21. Qd3 Be5 22. Qxd7+ Qxd7 23. Rxd7 Kxd7 24. Rd1+ Kc8 25. c3 f5 26. Nc5 b6 27. Nd3 Bf6 28. Bxf6 gxf6 29. Nf4 g5 30. Nh5 Re2 31. Nxf6 Rxb2+ 32. Kc1 Rxa2 33. g4 Ra1+ 34. Kc2 Ne3+ 0-1


[Site "https://www.chess.com"]

[Event "Titled Tuesday Blitz July 18 Early 2023"]
[White "Szyszylo, Rafal"]
[Black "Chen, Justin"]
[WhiteFideId "1109626"]
[BlackFideId "2098199"]
[WhiteElo "2442"]
[BlackElo "2621"]
[Result "0-1"]
[Round "3"]
[TimeControl "180+2"]
[Date "2023.07.18"]
[WhiteClock "0:00:03"]
[BlackClock "0:00:02"]
[Board "100"]

1. e4 e6 2. d4 d5 3. e5 c5 4. c3 Nc6 5. Nf3 Bd7 6. Bd3 cxd4 7. cxd4 Qb6 8. Be3 Qxb2 9. Nbd2 Nb4 10. Nb3 Qc3+ 11. Ke2 Nxd3 12. Qxd3 Qxd3+ 13. Kxd3 Bb5+ 14. Kc3 Ba3 15. Nc5 b6 16. Kb3 Bxc5 17. dxc5 Bc4+ 18. Kc3 b5 19. a4 b4+ 20. Kxb4 Ne7 21. Nd4 Kd7 22. Ka3 Rhb8 23. Rab1 Nc6 24. Nxc6 Kxc6 25. Bd4 Bd3 26. Rb4 Rxb4 27. Kxb4 Rb8+ 28. Kc3 Bc4 29. Ra1 Rb3+ 30. Kc2 Rd3 31. Be3 d4 32. Bd2 Rb3 33. Kc1 Bd3 34. a5 a6 35. f4 Kxc5 36. g4 Kd5 37. h4 Ke4 38. h5 g6 39. hxg6 hxg6 40. g5 Rb8 41. Kd1 Kf3 42. Rc1 Be2+ 43. Ke1 Rh8 44. Bb4 d3 45. Kd2 Rh2 46. Kc3 Kxf4 47. Kd4 Kxg5 48. Bd2+ Kf5 49. Re1 Rf2 50. Ke3 Rf3+ 51. Kd4 Rh3 52. Kc3 Rh4 53. Be3 Kxe5 54. Kd2 Re4 55. Bb6 f5 56. Rg1 Kf6 57. Bd8+ Ke5 58. Rxg6 Bg4 59. Bc7+ Kd5 60. Rg7 Be2 61. Rd7+ Kc6 62. Re7 Ra4 63. Bb6 Kd6 64. Re8 Ra2+ 65. Ke3 Bf1 66. Rd8+ Ke7 67. Rd4 e5 68. Rd5 Ke6 69. Rd8 f4+ 70. Kf3 d2 71. Re8+ Kf7 72. Rd8 Bg2+ 73. Kxg2 d1=Q+ 74. Kh3 Qh5# 0-1


[Site "https://www.chess.com"]

[Event "Titled Tuesday Blitz July 18 Early 2023"]
[White "Rosh Jain"]
[Black "Onufrienko, Vladislav"]
[WhiteFideId "25789465"]
[BlackFideId "13804332"]
[WhiteElo "2435"]
[BlackElo "2607"]
[Result "0-1"]
[Round "3"]
[TimeControl "180+2"]
[Date "2023.07.18"]
[WhiteClock "0:00:10"]
[BlackClock "0:00:07"]
[Board "101"]

1. e4 Nf6 2. Nc3 e5 3. Nf3 Nc6 4. Bc4 Nxe4 5. Nxe4 d5 6. Bxd5 Qxd5 7. Nc3 Qd8 8. O-O Bd6 9. d4 exd4 10. Re1+ Be6 11. Nb5 Bc5 12. Bf4 Rc8 13. Ng5 O-O 14. Qh5 h6 15. Nxe6 fxe6 16. Bxc7 Qd5 17. Qxd5 exd5 18. Bg3 a6 19. Nd6 Bxd6 20. Bxd6 Rf6 21. Ba3 b5 22. Bc5 Rf4 23. b4 a5 24. a3 a4 25. Re6 Re4 26. Re1 Rxe1+ 27. Rxe1 Kf7 28. f4 Nd8 29. Re7+ Kf6 30. Re8 Kf7 31. Rf8+ Ke6 32. Bxd4 Ke7 33. Bxg7 Rxc2 34. Rf5 Ne6 35. Bf6+ Kd6 36. Be5+ Ke7 37. Bf6+ Kd6 38. Re5 d4 39. Re1 d3 40. Rd1 Nxf4 41. g3 Nh3+ 42. Kf1 Rf2+ 43. Ke1 Rxf6 44. Rxd3+ Kc6 45. Rc3+ Kb6 46. Ke2 Ng5 47. Ke3 Rc6 48. Rd3 Ne6 49. h4 Ng7 50. g4 Rf6 51. Ke4 Rg6 52. Kf4 h5 53. g5 Rc6 54. Ke5 Re6+ 55. Kd5 Re8 56. Rc3 Rd8+ 57. Ke5 Rf8 58. Rd3 Nf5 59. Rf3 Re8+ 60. Kxf5 Kc6 61. Kf4 Kd5 62. Kg3 Re4 63. g6 Rg4+ 64. Kh3 Rxg6 65. Rf5+ Kc4 66. Rxh5 Kb3 67. Rxb5 Kxa3 68. h5 Rg8 69. Kh4 Kb3 70. Rb7 a3 71. b5 a2 72. Ra7 Rb8 73. h6 Rxb5 74. Ra8 Rb4+ 75. Kh5 Ra4 76. Rb8+ Kc2 77. Rc8+ Kd2 78. Rd8+ Ke2 79. Re8+ Kf2 80. h7 a1=Q 81. h8=Q Ra5+ 82. Kh6 Qh1+ 83. Kg7 Rg5+ 84. Kf7 Qf3+ 85. Ke7 Rf5 86. Qh2+ Kf1 87. Kd8 Rd5+ 88. Kc8 Qc3+ 89. Qc7 Rc5 90. Re7 Rxc7+ 91. Rxc7 Qh8+ 92. Kb7 Ke2 93. Rc8 Qg7+ 94. Kb8 Kd3 95. Rc7 Qe5 96. Kb7 Kd4 97. Rc6 Qe7+ 98. Rc7 Qb4+ 99. Kc8 Kd5 100. Kd7 Qb5+ 101. Kd8 Kd6 102. Kc8 Qa4 103. Rb7 Qa8+ 104. Rb8 Qc6+ 105. Kd8 Qd7# 0-1


[Site "https://www.chess.com"]

[Event "Titled Tuesday Blitz July 18 Early 2023"]
[White "Fiorito, Francisco"]
[Black "Devaev, Alexander"]
[WhiteFideId "180165"]
[BlackFideId "4169395"]
[WhiteElo "2606"]
[BlackElo "2433"]
[Result "1-0"]
[Round "3"]
[TimeControl "180+2"]
[Date "2023.07.18"]
[WhiteClock "0:00:13"]
[BlackClock "0:00:03"]
[Board "102"]

1. d4 Nf6 2. Nc3 d5 3. Bf4 c6 4. e3 Bf5 5. f3 Qb6 6. Rb1 Nbd7 7. g4 Bg6 8. h4 h5 9. g5 Nh7 10. Bd3 Bxd3 11. Qxd3 g6 12. Nge2 Bg7 13. e4 O-O 14. exd5 Rad8 15. dxc6 bxc6 16. Qe3 e5 17. dxe5 Nxe5 18. Qxb6 axb6 19. Kf2 b5 20. Rhd1 Ra8 21. b3 Rfe8 22. a4 b4 23. Ne4 Nf8 24. Nd4 Ne6 25. Bxe5 Bxe5 26. Nxc6 Bg7 27. Nxb4 Rac8 28. Nd6 Bf8 29. Nxc8 Bxb4 30. Nd6 Bc5+ 31. Kg3 Rc8 32. Nxc8 1-0


[Site "https://www.chess.com"]